 Dungeon Crawl Stone Soup version 0.29.1-13-g9f3cf754e1 (webtiles) character file.

Game seed: 9080130152816084927

0 micahross the Digger (level 1, 0/10 HPs)
             Began as a Gargoyle Earth Elementalist on Jan 22, 2023.
             Frozen to death by an endoplasm (5 damage)
             ... on level 1 of the Dungeon.
             The game lasted 00:01:12 (49 turns).

micahross the Digger (Gargoyle Earth Elementalist)    Turns: 49, Time: 00:01:13

Health: 0/10       AC:  4    Str: 11    XL:     1   Next: 10%
Magic:  3/3        EV: 11    Int: 15    God:
Gold:   0          SH:  0    Dex: 10    Spells: 3/4 levels left

rFire   . . .      SeeInvis .   (no weapon)
rCold   . . .      Faith    .   (no shield)
rNeg    + . .      Spirit   .   a - +0 robe
rPois   ∞          Reflect  .   (no helmet)
rElec   +          Harm     .   (no cloak)
rCorr   .          Rampage  .   (no gloves)
Will    .....                   (no boots)
Stlth   ++........              (no amulet)
HPRegen 0.03/turn               (no ring)
MPRegen 0.08/turn               (no ring)

@: no status effects
A: sickness immunity, AC +2, negative energy resistance 1, electricity
resistance, torment resistance 1, petrification resistance
a: no special abilities


You were on level 1 of the Dungeon.
You visited 1 branch of the dungeon, and saw 1 of its levels.

Inventory:

Armour
 a - a +0 robe (worn)
Potions
 b - a potion of magic


   Skills:
 + Level 1.5 Dodging
 + Level 2.1 Stealth
 + Level 2.0 Spellcasting
 + Level 0.7 Transmutations
 + Level 3.7 Earth Magic


You had 3 spell levels left.
You knew the following spells:

 Your Spells              Type           Power      Damage    Failure   Level
a - Sandblast             Erth           24%        2d8       4%          1

Your spell library contained the following spells:

 Spells                   Type           Power      Damage    Failure   Level
 Passwall                 Tmut/Erth      6%         N/A       14%         2
 Stone Arrow              Conj/Erth      14%        3d7       30%         3
 Petrify                  Tmut/Erth      8%         N/A       65%         4


Dungeon Overview and Level Annotations

Branches:
Dungeon (1/15)

Altars:


Innate Abilities, Weirdness & Mutations

You are immune to sickness and miasma.
Your stone body is resilient. (AC +2)
You are immune to poison.
You resist negative energy. (rN+)
You are resistant to electric shocks. (rElec)
You are resistant to unholy torment.
You are immune to petrification.


Message History

An endoplasm comes into view.
The kobold throws a stone.
The stone hits you but does no damage.
You see here a frilled lizard corpse.
The kobold throws a stone.
The stone misses you.
Found a black potion.
The kobold throws a stone.
The stone completely misses you.
Found a scale mail.
The kobold throws a stone.
The stone hits you but does no damage.
An endoplasm comes into view.
Found a glowing short sword.
You see here a black potion.
c - a black potion It was a potion of curing.
You feel better.
The endoplasm quivers.
The endoplasm hits you but does no damage.
You hit the endoplasm.
The endoplasm is moderately wounded.
The endoplasm barely misses you.
The kobold throws a stone.
The stone barely misses you.
You hit the endoplasm but do no damage.
The endoplasm is moderately wounded.
The endoplasm hits you but does no damage.
You hit the endoplasm.
You punch the endoplasm, but do no damage.
The endoplasm is severely wounded.
The endoplasm freezes you.
You are frozen.
Ouch! That really hurt!
You hit the endoplasm but do no damage.
The endoplasm is severely wounded.
The endoplasm closely misses you.
You hit the kobold.
The kobold is severely wounded.
The endoplasm barely misses you. The kobold completely misses you.
You closely miss the kobold.
The kobold is severely wounded.
The endoplasm freezes you.
You are frozen.
Ouch! That really hurt!
You die...

#. #K# #.# #.#
##.## #.# #
##...## #.# .#
#..... #.# ..
#...########†# #
#. #.#..K....K.# #
#..###.#.#######.#
# #..J@KJ..# #.# #
#....[###.###
#.#### ##### #.#
#...## #.# ###...
... #### .)# #
#..# # #..# #


You could see 2 endoplasms and a kobold.

Vanquished Creatures
  A frilled lizard (D:1)
1 creature vanquished.

Notes
Turn   | Place    | Note
-------+----------+-------------------------------------------
     0 | D:1      | micahross the Gargoyle Earth Elementalist began the quest
                  | for the Orb.
     0 | D:1      | Reached XP level 1. HP: 10/10 MP: 3/3
    49 | D:1      | Frozen to death by an endoplasm

Illustrated notes

Levels and vault maps discovered:
D:1:      wander_arrival_lonely_grave, layout_loops_corners

Action                   || total
-------------------------++-------
Melee: Unarmed           ||    13
       Punch             ||     1
  Use: Potion            ||     1
Armor: Robe              ||     5
Dodge: Dodged            ||    12
